Cogmind - Beta 11.1 @@@ ROGUE MODE // 2022.12.14 @ 12:24:42 Player: Pogmind Result: Destroyed by as-68725 with Assembled Blade Performance ------------- Evolutions (1) 500 Regions Visited (4) 800 Robots Destroyed (6) 30 Value Destroyed (106) 106 Prototype IDs (0) 0 Alien Tech Used (0) 0 Bonus (0) 0 TOTAL SCORE: 1436 Bonus ------- None Cogmind --------- Core Integrity 0/400 Matter 268/300 Energy 99/100 System Corruption 0% Temperature Cool (0) Movement Core (100) Ox1 Location -9/Mines Parts ------- > --- POWER (1) -------- (None) > --- PROPULSION (3) --- (None) > --- UTILITY (3) ------ (None) > --- WEAPON (2) ------- Rocket Launcher > --- INVENTORY (5) ---- Compact Matter Pod (150) Peak State ------------ > --- POWER ------------ (None) > --- PROPULSION ------- (None) > --- UTILITY ---------- (None) > --- WEAPON ----------- Rocket Launcher > --- INVENTORY -------- Compact Matter Pod [Rating: 2] Favorites ----------- Power None Propulsion Hover Unit Hover Unit Hover Unit Utility None Weapon Hammer Launcher Rocket Launcher Impact Weapon Hammer Build | -11 -10 -10 -9 -9 ------- Run | Scr Mat Min Mat Min Slots Evolved 2 | . . . 2 . Power . | . . . . . Propulsion 1 | . . . 1 . Utility 1 | . . . 1 . Weapon . | . . . . . Parts Attached 3 | . 2 . . 1 Power . | . . . . . Engine . | . . . . . Core . | . . . . . Reactor . | . . . . . Propulsion 1 | . 1 . . . Treads . | . . . . . Leg . | . . . . . Wheel . | . . . . . Hover 1 | . 1 . . . Flight . | . . . . . Utility . | . . . . . Device . | . . . . . Storage . | . . . . . Processor . | . . . . . Hackware . | . . . . . Protection . | . . . . . Artifact . | . . . . . Weapon 2 | . 1 . . 1 Energy Gun . | . . . . . Energy Cannon . | . . . . . Ballistic Gun . | . . . . . Ballistic Cannon . | . . . . . Launcher 1 | . . . . 1 Special Weapon . | . . . . . Impact Weapon 1 | . 1 . . . Slashing Weapon . | . . . . . Piercing Weapon . | . . . . . Special Melee Weapon . | . . . . . Unidentified Prototypes . | . . . . . Parts Lost 2 | . 1 . . 1 Power . | . . . . . Propulsion 1 | . 1 . . . Utility . | . . . . . Weapon 1 | . . . . 1 Highest Loss Streak 1 | . 1 . . 1 To Critical Strikes . | . . . . . Average Slot Usage (%) 11 | . 9 14 11 6 Hover 1 | . 9 . . . Impact Weapon 10 | . . 14 11 6 Naked Turns 54 | . 19 . . 35 Heaviest Build 2 | . 2 2 2 2 Greatest Support 6 | 3 6 3 3 3 Greatest Overweight (x) . | . . . . . Average Overweight (x) . | . . . . . Largest Inventory Capacity 5 | 5 5 5 5 5 Average Capacity 5 | 5 5 5 5 5 Most Carried 2 | . . 1 1 2 Average Carried . | . . . 1 1 Final Capacity 5 | 5 5 5 5 5 Final Carried 1 | . . 1 1 1 Class Distribution -------------------- 100% | Mutant Dominant Class ---------------- Mutant | -10/Materials Mutant | -10/Mines Mutant | -9/Materials Mutant | -9/Mines Resources | -11 -10 -10 -9 -9 ----------- Run | Scr Mat Min Mat Min Matter Collected 251 | 59 . 192 . . Remotely . | . . . . . Salvage Created 239 | . . 181 24 34 Parts 2 | . . 2 . . Haulers Intercepted . | . . . . . Recyclers Shooed 2 | . . 2 . . Parts Field Recycled . | . . . . . Retrieved Matter . | . . . . . Parts Self-Destructed . | . . . . . Prevented . | . . . . . Kills | -11 -10 -10 -9 -9 ------- Run | Scr Mat Min Mat Min Combat Hostiles Destroyed 5 | . . 2 . 3 Melee 1 | . . 1 . . AOE 3 | . . . . 3 Classes Destroyed 5 | . . 3 1 1 Builder 1 | . . . 1 . Tunneler 2 | . . 2 . . Recycler 1 | . . 1 . . Grunt 2 | . . 2 . . Assembled 3 | . . . . 3 Best Kill Streak 3 | . . 2 1 3 Combat Bots Only 3 | . . 2 . 3 Max Kills in Single Turn 2 | . . 1 1 2 Gunslinging . | . . . . . Exploded 2 | . . . . 2 Melee 1 | . . 1 . . Uniques/NPCs Destroyed . | . . . . . Combat | -11 -10 -10 -9 -9 -------- Run | Scr Mat Min Mat Min Damage Taken 829 | . 192 97 . 540 Core 645 | . 147 75 . 423 Absorbed by Shields . | . . . . . Core Remaining (%) 55 | 100 . 11 . . Volleys Fired 2 | . . . . 2 Largest 1 | . . . . 1 Hottest 33 | . . . . 33 Shots Fired 2 | . . . . 2 Gun . | . . . . . Cannon . | . . . . . Launcher 2 | . . . . 2 Special . | . . . . . Kinetic . | . . . . . Thermal . | . . . . . Explosive 2 | . . . . 2 Electromagnetic . | . . . . . Robot Hit Streak 1 | . . . . 1 Robot Miss Streak 1 | . . . . 1 Penetration Max . | . . . . . Secondary Targets . | . . . . . Shots Hit Robots 16 | . . 14 1 1 Core Hits 9 | . . 2 . 7 Critical Kills . | . . . . . Critical Parts Destroyed 3 | . . 2 1 . Critical Strikes 3 | . . 2 1 . Smash 3 | . . 2 1 . Melee Attacks 24 | . . 20 1 3 Impact 24 | . . 20 1 3 Slashing . | . . . . . Piercing . | . . . . . Sneak Attacks 5 | . . 4 1 . Combat Hostiles . | . . . . . Follow-up Attacks . | . . . . . Damage Inflicted 784 | . 9 515 68 192 Guns . | . . . . . Cannons . | . . . . . Explosions 184 | . . . . 184 Melee 583 | . . 515 68 . Ramming 17 | . 9 . . 8 Kinetic . | . . . . . Thermal . | . . . . . Explosive 184 | . . . . 184 Electromagnetic . | . . . . . Impact 583 | . . 515 68 . Slashing . | . . . . . Piercing . | . . . . . Highest Corruption 2 | . 2 2 . . Average Corruption 2 | . 2 2 . . Corruption Purged . | . . . . . Corruption Blocked . | . . . . . Effects 4 | . . 4 . . Matter Fused 1 | . . 1 . . Energy Discharges 3 | . . 3 . . Overload Shots . | . . . . . Overflow Damage 206 | . . 138 68 . Projectiles . | . . . . . Explosions . | . . . . . Melee 206 | . . 138 68 . Knockbacks 3 | . . 2 1 . Impact 3 | . . 2 1 . Kinetic . | . . . . . Secondary . | . . . . . Self-Inflicted Damage 43 | . 4 . . 39 Shots 1 | . . . . 1 Rammed 9 | . 3 . . 6 Targets Rammed 9 | . 3 . . 6 Kicked . | . . . . . Crushed . | . . . . . Highest Temperature . | . . . . . Average Temperature . | . . . . . Received Heat Transfer 177 | . 60 57 . 60 Siege Activations . | . . . . . Robots Corrupted . | . . . . . Combat Hostiles . | . . . . . Parts Fried 12 | . . 8 4 . Impact Corruptions 9 | . . 7 2 . Robots Melted . | . . . . . Combat Hostiles . | . . . . . Parts Melted . | . . . . . Heat Transferred . | . . . . . Parts Sabotaged . | . . . . . Parts Stolen . | . . . . . Parts Stripped . | . . . . . Power Chain Reactions . | . . . . . Missiles Intercepted . | . . . . . Alert | -11 -10 -10 -9 -9 ------- Run | Scr Mat Min Mat Min Peak Influence 78 | . 30 72 40 78 Initial 27 | . . 7 27 15 Average 30 | . 12 36 33 23 Maximum Alert Level . | . . . . . Low Security (%) 100 | 100 100 100 100 100 Level 1 . | . . . . . Level 2 . | . . . . . Level 3 . | . . . . . Level 4 . | . . . . . Level 5 . | . . . . . High Security . | . . . . . Max Security . | . . . . . Squads Dispatched 2 | . 1 . 1 . Investigation 1 | . 1 . . . Extermination . | . . . . . Reinforcement 1 | . . . 1 . Assault . | . . . . . Garrison . | . . . . . Intercept . | . . . . . Searches Triggered . | . . . . . Construction Impeded . | . . . . . Haulers Reinforced . | . . . . . Active Scanning Responses . | . . . . . Cargo Convoy Interrupts . | . . . . . Stealth | -11 -10 -10 -9 -9 --------- Run | Scr Mat Min Mat Min Distress Signals . | . . . . . Communications Jammed . | . . . . . Distress Signals . | . . . . . Times Spotted 32 | . 7 2 1 22 Peak Tracking Total 20 | . 6 2 1 20 Tactical Retreats 3 | . 1 . . 2 Traps | -11 -10 -10 -9 -9 ------- Run | Scr Mat Min Mat Min Traps Triggered 2 | . 2 . . . Indirectly . | . . . . . Trap Hack Attempts . | . . . . . Triggered . | . . . . . Disarmed . | . . . . . Reprogrammed . | . . . . . Reused . | . . . . . Traps Extracted . | . . . . . Installed . | . . . . . Triggered . | . . . . . Machines | -11 -10 -10 -9 -9 ---------- Run | Scr Mat Min Mat Min Machines Disabled . | . . . . . Max in Single Turn . | . . . . . Machines Sabotaged . | . . . . . Garrisons Compromised . | . . . . . Overloaded Fab Kills . | . . . . . Hacking | -11 -10 -10 -9 -9 --------- Run | Scr Mat Min Mat Min Machines Accessed 2 | . 1 . 1 . Terminals 2 | . 1 . 1 . Fabricators . | . . . . . Repair Stations . | . . . . . Recycling Units . | . . . . . Scanalyzers . | . . . . . Garrison Access . | . . . . . Total Hacks 6 | . 4 . 2 . Successful 2 | . . . 2 . Failed 4 | . 4 . . . Catastrophic . | . . . . . Database Lockouts . | . . . . . Manual 6 | . 4 . 2 . Terminals 6 | . 4 . 2 . Fabricators . | . . . . . Repair Stations . | . . . . . Recycling Units . | . . . . . Scanalyzers . | . . . . . Garrison Access . | . . . . . Terminal Hacks 1 | . . . 1 . Branch Access Points 1 | . . . 1 . Fabricator Hacks . | . . . . . Repair Station Hacks . | . . . . . Recycling Unit Hacks . | . . . . . Scanalyzer . | . . . . . Garrison Access Hacks . | . . . . . Unauthorized Hacks 1 | . . . 1 . Terminals 1 | . . . 1 . Botnet 1 | . . . 1 . Fabricators . | . . . . . Repair Stations . | . . . . . Recycling Units . | . . . . . Scanalyzers . | . . . . . Garrison Access . | . . . . . Data Cores Recovered . | . . . . . Used . | . . . . . Hacking Detections 1 | . 1 . . . Full Trace Events . | . . . . . Feedback Events . | . . . . . Feedback Blocked . | . . . . . Robot Schematics Acquired . | . . . . . Robots Built . | . . . . . Authchips . | . . . . . Time . | . . . . . Total Robot Build Rating . | . . . . . Part Schematics Acquired . | . . . . . Parts Built . | . . . . . Authchips . | . . . . . Time . | . . . . . Total Part Build Rating . | . . . . . Parts Repaired . | . . . . . Time . | . . . . . Parts Recycled . | . . . . . Recycled Matter . | . . . . . Retrieved Matter . | . . . . . Retrieved Components . | . . . . . Parts Scanalyzed . | . . . . . Part Schematics Acquired . | . . . . . Parts Damaged . | . . . . . Bothacking | -11 -10 -10 -9 -9 ------------ Run | Scr Mat Min Mat Min Used RIF Installer . | . . . . . Robots Hacked . | . . . . . Non-combat . | . . . . . Combat . | . . . . . Robot Hacks Applied . | . . . . . Relay Couplers Released . | . . . . . Fabnet Peak Effective % . | . . . . . Robots Rewired . | . . . . . Allies Hacked . | . . . . . Hacks Repelled . | . . . . . Allies | -11 -10 -10 -9 -9 -------- Run | Scr Mat Min Mat Min Total Allies 1 | . . . . 1 Largest Group 1 | . . . . 1 Highest-Rated Group 31 | . . . . 31 Highest-Rated Ally 31 | . . . . 31 Total Orders . | . . . . . Ally Attacks 11 | . . . . 11 Total Damage 171 | . . . . 171 Kills 2 | . . . . 2 Allies Corrupted . | . . . . . Allies Melted . | . . . . . Intel | -11 -10 -10 -9 -9 ------- Run | Scr Mat Min Mat Min Robot Analysis Total . | . . . . . Derelict Logs Recovered 2 | . . 1 . 1 Drone Launches . | . . . . . Drone Recoveries . | . . . . . Exploration | -11 -10 -10 -9 -9 ------------- Run | Scr Mat Min Mat Min Turns Passed 535 | 9 69 301 64 92 Spaces Moved 874 | 18 115 475 123 143 Core 822 | 18 63 475 123 143 Treads . | . . . . . Legs . | . . . . . Wheels . | . . . . . Hover 52 | . 52 . . . Flight . | . . . . . Fastest Speed 50 | 50 50 50 50 50 Average Speed 50 | 50 54 50 50 50 Slowest Speed 60 | 50 60 50 50 50 Overloaded Moves . | . . . . . Propulsion Burnouts . | . . . . . Robots Hopped . | . . . . . Cave-ins Triggered . | . . . . . Exploration Rate (%) 32 | 4 29 84 23 24 Regions Visited 4 Branch Regions 2 Pre-discovered Areas 1 | . . . . 1 Known Exits Taken 1 | . . . 1 . Unknown Exits Taken 3 | 1 1 1 . . Scrap Searched 1 | . . 1 . . Spaces Dug . | . . . . . Terrain Destroyed 24 | . . . . 24 Melee . | . . . . . Projectile . | . . . . . AOE 24 | . . . . 24 Terrain Rammed . | . . . . . Walls Destroyed . | . . . . . Machines Disabled . | . . . . . Actions | -11 -10 -10 -9 -9 --------- Run | Scr Mat Min Mat Min Total 918 | 17 119 502 123 157 Wait 8 | . . 7 . 1 Move 870 | 17 114 474 122 143 Hop . | . . . . . Pick Up 2 | . . 1 . 1 Fast Attach 2 | . 2 . . . Attach 1 | . . . . 1 Detach . | . . . . . Swap . | . . . . . Drop . | . . . . . Fire 2 | . . . . 2 Melee 24 | . . 20 1 3 Ram 9 | . 3 . . 6 Kick . | . . . . . Crush . | . . . . . Escape Stasis . | . . . . . Rewire . | . . . . . Trap . | . . . . . Miscellaneous . | . . . . . Route ------- -11/Scrapyard -10/Materials -10/Mines -9/Materials (discovered 2 exits: Mat / *Min) -9/Mines History --------- Turn | Location | Event 3 | -11/Scrapyard | Discovered new exit (range 15) 10 | -11/Scrapyard | Entered Materials 67 | -10/Materials | Discovered new exit (range 16) 79 | -10/Materials | Core integrity fell below 50% 79 | -10/Materials | Entered Mines 131 | -10/Mines | Learned location of 1 exit from Materials 229 | -10/Mines | Core integrity fell below 20% 304 | -10/Mines | Build established: Mutant 375 | -10/Mines | Discovered new exit (range 5) 380 | -10/Mines | Entered Materials 380 | -9/Materials | Evolved 2 slots: Propulsion x1, Utility x1 381 | -9/Materials | Identified exit to Materials 402 | -9/Materials | Identified exit to Mines 444 | -9/Materials | Entered Mines 445 | -9/Mines | Assembled infested the area 447 | -9/Mines | Received a Mining Laser from a helpful Derelict 451 | -9/Mines | Assisted by a Guerilla fighting off Assembled 465 | -9/Mines | Learned location of Storage (-7) 471 | -9/Mines | Received a Rocket Launcher from a helpful Derelict 512 | -9/Mines | Core integrity fell below 50% 525 | -9/Mines | Core integrity fell below 20% 536 | -9/Mines | Destroyed by as-68725 with Assembled Blade Last Messages --------------- 00466_ HK-T7S(g): "Some of my friends down here think you need a mining laser when you travel the depths." 00467_ HK-T7S(g): "You know what I say? NO!" 00468_ HK-T7S(g): "Everyone knows a good old rocket launcher goes a long way." 00469_ HK-T7S(g): "Need to get rid of a swarm? Done. Need a big hole in the wall? Done." 00470_ HK-T7S(g): "Need a small hole in the wall? Leave that to the mining laser wimps, I say!" 00471_ HK-T7S(g): "Would you like a rocket launcher? I know I would if I were you, so I'm going to lend you mine." 00471_ HK-T7S(g) slips back into the shadows. 00472_ Knocked back. 00484_ S-10 Pest destroyed. 00497_ Hammer destroyed. 00497_ Slammed into as-79066. 00509_ Acquired Rocket Launcher. 00533_ as-46834 destroyed. 00535_ as-79066 destroyed. 00535_ as-92209 destroyed. Map ----- +----------------------------------------------------+ | " ? ???????????????????????????????????????? | | ? #???????????????????????????????????????? | | ? ????????????????????????????????????????? | | # ? ????????????????????????????????????????? | | # #?# #????????????########????????????????????? | | # #?# #????????????# #????????????????????? | | # #?# #????????????# """ #????????????????????? | | # #?# #????????????#=%""" #????????????????????? | | # %### ##???????????# *"""=#????????????????????? | | # #???????????#%*"""*#????????????????????? | | ## #???????????#= =%#????????????????????? | | ## #???????????# %*#????????????????????? | | ## # ##???????????# [[#????????????????????? | | ??# #????????????# % #????????????????????? | | ?## ##???????????#####%##????????????????????? | | ## ##??????????????#%#?????????????????????? | | # """ #??????????????#%#?????????????????????? | | """ #?????????######%#### ????????? | | """ #?????????# % #?????????????? | | # ##?????????# #### ### #???????????????? | | #### ##??????????# #??# #?????????????????????? | | ???## #???????????# #??# #?????????????????????? | | ????# #???????????# #### #?????????????????????? | | ????# ##?????????## # # #???#?????????????????? | | ????# ##???????## ## #?????????????????? | | ????## #####??## a@ #?????????????????? | | ?????## % #?????????????????? | | ??????## %% #?????????????????? | | ???????#### a ##### #?????????????????? | | ??????????## #????####?????????????????? | | ???????????? ###??????????????????????????? | | ????????????#########????????????????????????????? | | ?????????????????????????????????????????????????? | | | | | | | | | | | | | | | | | | | | | | | | | | | | | | | | | | | +----------------------------------------------------+ Best States ------------- Heat Dissipation 28 Energy Generation 5 Energy Capacity 100 Matter Stores 300 Matter Capacity 300 Sight Range 16 Terrain Scan Density 10 Evasion (%) 53 Item Schematics ----------------- None Robot Schematics ------------------ None Fabricated ------------ Nothing Alien Tech Used ----------------- None Achievements -------------- None Challenges ------------ None Game ------ Seed linkeddronetrap Manual? 1 Play Time 00:09:09 Cumulative 607.0 hours Start 2022.12.14 @ 12:17:16 End 2022.12.14 @ 12:24:42 Sessions 1 Manual Loads 0 Difficulty Rogue Special Mode None Game No. 69 Rogue 54 Adventurer 5 Explorer 10 Win Type - Total 25 Types 6/7/4/0/3/1/3/0/1 Lore% 89 Gallery% 95 Achievement% 85 Wizard Run 0 Options --------- ASCII 0 Keyboard 1 Movement Arrows Keybinds 0 Fullscreen 2 Font 18/SmallcapsGlow Map View 76x50 Tactical HUD 1 Map Filters NONE Filters NONE Steam 1 RUN: 8ea68729-16ae-4b60-b9a2-8e4f323b8d1d